AoeStats
← boringstorm

Arena

508686596Analyzed
2v2 RM · 7d ago on Sep 23, 2026· 50m 20s· 4 players
Game mode
Random Map
Map size
Medium (4 player)
Population
200
Speed
Normal
Resources
Standard
Victory
Conquest
Starting age
Dark Age
Ending age
Imperial Age
RankedLock teamsTeams togetherTeam positionsShared explorationLock speedFull tech treeHidden civsTurbo modeCheats
Victory
Defeat
🇺🇸 Danes · United States
946
+14
🇺🇸 Hindustanis · United States
904
+42
🇹🇷 Britons · Türkiye
911
-15
🇹🇷 Byzantines · Türkiye
887
-14
berber hikmet
0:28 Loom
11:53 Feudal Age
13:13 Wheelbarrow
12:50 Double-Bit Axe
15:11 Horse Collar
21:31 Castle Age
19:48 Stone Mining
22:28 Hand Cart
22:36 Bow Saw
22:30 Heavy Plow
23:20 Stone Shaft Mining
23:22 Gold Mining
25:28 Treadmill Crane
26:09 Ballistics
26:38 Scale Mail Armor
26:39 Padded Archer Armor
26:29 Fletching
26:50 Forging
26:25 Pikeman
27:05 Squires
28:50 Elite Skirmisher
31:42 Gold Shaft Mining
35:48 Imperial Age
35:50 Scale Barding Armor
36:01 Chain Mail Armor
36:02 Leather Archer Armor
35:43 Bodkin Arrow
36:23 Iron Casting
37:06 Crop Rotation
37:38 Two-Man Saw
37:17 Conscription
38:21 Chain Barding Armor
38:31 Plate Mail Armor
38:37 Heavy Camel Rider
39:49 Halberdier
46:07 Elite Varangian Guard
Hardware
0:49 Loom
11:34 Feudal Age
19:19 Castle Age
18:25 Horse Collar
18:33 Double-Bit Axe
30:20 Imperial Age
30:08 Bow Saw
29:22 Pikeman
30:03 Squires
32:20 Heavy Plow
33:32 Two-Man Saw
33:43 Cavalier
35:17 Crossbowman
36:17 Padded Archer Armor
36:07 Fletching
36:23 Gold Mining
36:24 Stone Mining
37:05 Forging
37:22 Elite Longbowman
38:31 Scale Barding Armor
38:45 Leather Archer Armor
39:41 Husbandry
41:53 Chemistry
41:14 Ballistics
41:48 Onager
43:11 Light Cavalry
45:43 Arbalester
boringstorm
12:46 Feudal Age
13:59 Double-Bit Axe
14:09 Horse Collar
16:36 Castle Age
18:03 Bow Saw
18:41 Loom
19:14 Bow Saw
23:14 Wheelbarrow
23:49 Heavy Plow
24:44 Hand Cart
31:01 Imperial Age
31:51 Imperial Age
29:28 Grand Trunk Road
30:45 Forging
30:44 Scale Mail Armor
30:41 Stone Mining
30:46 Gold Mining
32:55 Iron Casting
32:36 Chain Mail Armor
32:14 Elite Ghulam
33:30 Conscription
35:08 Two-Man Saw
37:36 Blast Furnace
tommy mayer
7:57 Loom
10:27 Feudal Age
10:53 Double-Bit Axe
10:52 Horse Collar
16:36 Wheelbarrow
19:28 Castle Age
18:48 Fletching
22:18 Bow Saw
22:41 Heavy Plow
25:51 Hand Cart
25:24 Town Watch
29:49 Imperial Age
27:22 Gold Mining
28:24 Bodkin Arrow
29:59 Squires
29:58 Gambesons
30:17 Scale Mail Armor
30:28 Forging
30:58 Town Patrol
30:37 Elite Varangian Guard
31:42 Conscription
31:53 Chain Mail Armor
32:51 Gold Shaft Mining
32:30 Bracer
33:07 Iron Casting
33:03 Arson
33:52 Plate Mail Armor
33:40 Onager
34:30 Stone Mining
34:57 Hamask
36:14 Hoardings
36:55 Blast Furnace
36:03 Scale Barding Armor
36:55 Pikeman
36:56 Man-at-Arms
41:09 Elite Jomsviking
42:44 Chain Barding Armor
45:27 Ballistics
46:10 Chemistry
Connection lost

Rejoining the realm…

Still unreachable

The connection could not be restored.

Session expired

The server has moved on; the page needs a fresh start.